 Dungeon Crawl Stone Soup version 0.29.1-4-g47bece8355 (webtiles) character file.

Game seed: 7835895422379720103

213 retardedninja the Chopper (level 5, -16/46 HPs)
             Began as a Hill Orc Fighter on Dec 5, 2022.
             Was an Initiate of Gozag.
             Demolished by an ogre
             ... wielding a +0 giant club
              (22 damage)
             ... on level 4 of the Dungeon.
             The game lasted 00:03:53 (4024 turns).

retardedninja the Chopper (Hill Orc Fighter)        Turns: 4024, Time: 00:04:01

Health: -16/46     AC:  7    Str: 21    XL:     5   Next: 90%
Magic:  5/5        EV:  9    Int:  8    God:    Gozag
Gold:   101        SH:  4    Dex:  8    Spells: 4/4 levels left

rFire   . . .      SeeInvis .   a - +0 war axe
rCold   . . .      Faith    .   c - +0 buckler
rNeg    . . .      Spirit   .   b - +0 scale mail
rPois   .          Reflect  .   (no helmet)
rElec   .          Harm     .   (no cloak)
rCorr   .          Rampage  .   (no gloves)
Will    .....                   (no boots)
Stlth   ..........              (no amulet)
HPRegen 0.15/turn               (no ring)
MPRegen 0.09/turn               (no ring)

@: mighty, gold aura
A: fangs 1, clumsy 1, MP-powered wands
a: Renounce Religion, Potion Petition, Call Merchant, Bribe Branch


You were on level 4 of the Dungeon.
You worshipped Gozag.
Gozag was aware of your devotion.
You visited 2 branches of the dungeon, and saw 5 of its levels.

You collected 157 gold pieces.
You paid 56 gold pieces to Gozag.

Inventory:

Hand Weapons
 a - a +0 war axe (weapon)
Armour
 b - a +0 scale mail (worn)
 c - a +0 buckler (worn)
Jewellery
 f - a ring of see invisible
 r - a +4 ring of protection
Scrolls
 e - 2 scrolls of enchant armour {unknown}
 g - 4 scrolls of teleportation {unknown}
 h - 6 scrolls of identify {unknown}
 i - a scroll of torment {unknown}
 j - a scroll of butterflies {unknown}
 k - a scroll of silence {unknown}
 l - a scroll of enchant weapon {unknown}
 p - a scroll of fear {unknown}
Potions
 m - 2 potions of curing
 o - 2 potions of lignification {unknown}
 q - a potion of heal wounds {unknown}


   Skills:
 + Level 4.2 Fighting
 + Level 5.7 Axes
 + Level 4.3 Armour
 + Level 0.5 Dodging
 + Level 4.0 Shields


You had 4 spell levels left.
You didn't know any spells.
Your spell library contained the following spells:

 Spells                   Type           Power      Damage    Failure   Level
 Beastly Appendage        Tmut           0%         N/A       83%         1
 Wereblood                Tmut           0%         N/A       92%         2
 Spider Form              Tmut/Pois      0%         N/A       99%         3


Dungeon Overview and Level Annotations

Branches:
Dungeon (4/15)             Temple (1/1) D:4

Altars:
Dithmenos
Elyvilon
Gozag
Hepliaklqana
Makhleb
Nemelex Xobeh
Sif Muna
Trog
Wu Jian
Xom
Yredelemnul
Zin
The Shining One

Shops:
D:1 :   D:2 (


Innate Abilities, Weirdness & Mutations

You have very sharp teeth.
You are clumsy. (Dex -2)
You expend magic power (3 MP) to strengthen your wands.


Message History

A giant cockroach is nearby!
You hear a slurping noise.
The jelly eats the door!
A jelly comes into view.
The jelly quivers.
A jelly comes into view.
The jelly quivers.
You slash the jelly!
Your hands burn!
The jelly is heavily wounded.
You block the jelly's attack.
There are monsters nearby!
You hit the jelly.
Your hands burn!
The jelly is heavily wounded.
The jelly hits you but does no damage. The jelly barely misses you.
You feel very mighty all of a sudden. The jelly hits you but does no damage.
You block the ogre's attack.
You slash the ogre!
The ogre is heavily wounded.
You slash the jelly!
Your hands burn!
You block the giant cockroach's attack. The jelly hits you but does no damage.
You barely miss the ogre.
The ogre is heavily wounded.
You slash the giant cockroach!
You kill the giant cockroach!
You hit the jelly.
You kill the jelly!
The ogre hits you with a +0 giant club!
You barely miss the ogre.
The ogre is heavily wounded.
You hit the jelly.
Your hands burn!
The ogre hits you with a +0 giant club!
* * * LOW HITPOINT WARNING * * *
The jelly hits you but does no damage.
It was a potion of mutation.
You feel extremely strange.
Your teeth lengthen and sharpen.
You feel clumsy.
You feel your magical essence link to the dungeon's wands.
You block the jelly's attack.
A hound comes into view.
The ogre hits you with a +0 giant club!!
You die...
Your body crumbles into a pile of gold.

#......+ ....
.###......## .....
..#.......# h...
..........####.####
#.......#......(# .
..#......##.......##..
.
..#......'...)........
.##.###...##....O$...##
.....##'#.#.....@J....#
...#..#.#####.......###
......#...# #+#...#.#
.....##.### ##### ..
..##..#..+ ..'
...#....## $ .#
......#.# . ...#.##.#
...######


You could see an ogre, a hound (wandering) and a jelly.

Vanquished Creatures
  A jelly (D:4)
  An orc priest (D:4)
  3 gnolls (D:2)
  4 adders (D:3)
  2 worms (D:2)
  8 orcs (D:3)
  9 ball pythons
  3 bats
  8 endoplasms
  4 giant cockroaches
  4 hobgoblins
  A quokka (D:2)
  3 frilled lizards
  3 goblins
  8 kobolds
  4 rats
66 creatures vanquished.

Notes
Turn   | Place    | Note
-------+----------+-------------------------------------------
     0 | D:1      | retardedninja the Hill Orc Fighter began the quest for the
                  | Orb.
     0 | D:1      | Reached XP level 1. HP: 19/19 MP: 1/1
    41 | D:1      | Found Ruxketuu's Book Shoppe.
    90 | D:1      | Reached XP level 2. HP: 25/27 MP: 2/2
   223 | D:1      | Reached skill level 3 in Axes
   765 | D:1      | Reached XP level 3. HP: 31/33 MP: 3/3
  1081 | D:2      | Found a faded altar of an unknown god.
  1321 | D:2      | Reached skill level 4 in Axes
  1323 | D:2      | Reached XP level 4. HP: 28/40 MP: 4/4
  1709 | D:2      | Found Vask's Antique Weapon Shoppe.
  2806 | D:3      | Reached skill level 5 in Axes
  2871 | D:3      | Reached XP level 5. HP: 45/46 MP: 5/5
  3277 | D:4      | Found a staircase to the Ecumenical Temple.
  3699 | Temple   | Entered the Ecumenical Temple
  3737 | Temple   | Became a worshipper of Gozag Ym Sagoz the Greedy
  4014 | D:4      | Noticed an ogre
  4024 | D:4      | Gained mutation: You have very sharp teeth. [potion of
                  | mutation]
  4024 | D:4      | Gained mutation: You are clumsy. (Dex -2) [potion of
                  | mutation]
  4024 | D:4      | Gained mutation: You expend magic power (3 MP) to
                  | strengthen your wands. [potion of mutation]
  4024 | D:4      | Demolished by an ogre

Illustrated notes

Levels and vault maps discovered:
D:1:      psy_arrival_fountain, layout_loops_ring, serial_shops, shop
D:2:      layout_basic, shapermc_ecumenical_altar_flowoftime, serial_shops,
          nicolae_shop_trees
D:3:      layout_loops_corners
D:4:      nicolae_cairo_tiling_very_big, layout_cave_pools,
          minmay_temple_entry_proselytizer, minmay_misc_feat_square
Temple:   oiseaux_autumnal_temple

Skill      XL: |  1  2  3  4  5 |
---------------+----------------+-----
Axes           | 3 4 5 |  5.7
Armour         | 4 |  4.3
Fighting       | 4 |  4.2
Shields        | 4 |  4.0
Dodging        | |  0.5

Action                   |  1- 3 |  4- 6 || total
-------------------------+-------+-------++-------
Melee: War axe           |    86 |   133 ||   219
  Use: Potion            |     1 |     3 ||     4
Armor: Scale mail        |    38 |    65 ||   103
Dodge: Dodged            |    59 |    50 ||   109
Block: Buckler           |    20 |    43 ||    63
